 Dungeon Crawl Stone Soup version 0.29.1-2-gbd0b4ee654 (webtiles) character file.

Game seed: 18259923855825137967

107 sirelderling the Poker (level 4, -4/39 HPs)
             Began as a Minotaur Berserker on Nov 5, 2022.
             Was a Believer of Trog.
             Shot with an arrow by a centaur (9 damage)
             ... on level 4 of the Dungeon.
             The game lasted 00:22:06 (3580 turns).

sirelderling the Poker (Minotaur Berserker)         Turns: 3580, Time: 00:22:07

Health: -4/39      AC:  9    Str: 23    XL:     4   Next: 56%
Magic:  3/3        EV:  8    Int:  4    God:    Trog [**....]
Gold:   149        SH:  0    Dex: 10    Spells: 3/3 levels left

rFire   . . .      SeeInvis .   a - +1 spear
rCold   . . .      Faith    .   (no shield)
rNeg    . . .      Spirit   .   f - +1 chain mail
rPois   .          Reflect  .   (helmet restricted)
rElec   .          Harm     .   (no cloak)
rCorr   .          Rampage  .   (no gloves)
Will    .....                   (no boots)
Stlth   ..........              (no amulet)
HPRegen 0.13/turn               c - ring of wizardry
MPRegen 0.08/turn               (no ring)

@: about to teleport
A: horns 2, retaliatory headbutt
a: Renounce Religion, Berserk, Trog's Hand


You were on level 4 of the Dungeon.
You worshipped Trog.
Trog was pleased with you.
You visited 1 branch of the dungeon, and saw 4 of its levels.

You collected 149 gold pieces.

Inventory:

Hand Weapons
 a - a +1 spear (weapon)
Armour
 b - a +0 animal skin
 d - a +0 ring mail
 f - a +1 chain mail (worn)
Jewellery
 c - a ring of wizardry (left hand)
Scrolls
 e - 3 scrolls of teleportation
 i - a scroll of immolation
 m - a scroll of enchant armour
 q - a scroll of identify
 r - a scroll of enchant weapon
Potions
 g - a potion of mutation {unknown}
 h - a potion of might {unknown}
 j - 2 potions of heal wounds
 k - a potion of curing {unknown}
 l - a potion of attraction
 n - a potion of magic {unknown}
 o - a potion of degeneration {unknown}
 p - a potion of ambrosia {unknown}


   Skills:
 - Level 3.6 Fighting
 * Level 6.5 Polearms
 - Level 2.4 Armour
 - Level 2.1 Dodging


You had 3 spell levels left.
You didn't know any spells.
Your spell library was empty.

Dungeon Overview and Level Annotations

Branches:
Dungeon (4/15)
 Temple: D:4-7

Altars:
Xom


Innate Abilities, Weirdness & Mutations

You have a pair of horns on your head.
You reflexively headbutt those who attack you in melee.


Message History

The iguana barely misses you. You furiously retaliate!
You headbutt the iguana!
You kill the iguana!
Trog accepts your kill.
You climb upwards.
There is a stone staircase leading down here.
HP restored.
Done exploring.
You climb downwards.
There is a stone staircase leading up, spattered with blood here.
Things that are here:
an iguana corpse; an adder corpse
Things that are here:
an iguana corpse; an adder corpse
There is an abandoned shop here.
This shop appears to be closed.
Found a stone staircase leading up.
Found a scroll of identify and a scroll of enchant weapon.
You now have 126 gold pieces (gained 17).
q - a scroll of identify
r - a scroll of enchant weapon
As you read the scroll of identify, it crumbles to dust.
j - 2 potions of heal wounds
Found a shimmering altar of Xom.
You now have 139 gold pieces (gained 13).
q - a scroll of identify You now have 149 gold pieces (gained 10).
A centaur comes into view.
Found a silvery potion.
The centaur shouts!
You hear a shout!
The centaur wields a +0 shortbow.
The centaur shoots an arrow.
The arrow hits you.
The centaur shoots an arrow.
The arrow hits you!
The centaur shoots an arrow.
The arrow hits you.
The centaur shoots an arrow.
The arrow hits you.
The centaur shoots an arrow.
The arrow hits you!
* * * LOW HITPOINT WARNING * * *
The centaur shoots an arrow.
The arrow closely misses you.
As you read the scroll of teleportation, it crumbles to dust.
You feel strangely unstable.
The centaur shoots an arrow.
The arrow hits you!
You die...

#.........#.......c..!
#........##.##.##.c...
#.......##..#..#?.....
#####.####.##........#
##....# ##.......#.#..
####...#####.....#....#
.......####..#...#.##....
##...#.........#...# .###
#.##..#####.#..@.##..
.#.##.#......#..........
.#....#.######....#.....
.#......# #....#.....
.#.<..########....#.....
.#....# ##..............
#....# #..###.##.......
##....# #..###.# .....
.....^# ##..#..##.....


You could see a centaur.

Vanquished Creatures
  An iguana (D:4)
  2 adders
  2 worms
  10 orcs (D:3)
  2 endoplasms (D:2)
  5 giant cockroaches
  3 hobgoblins (D:3)
  4 jackals (D:2)
  A quokka (D:3)
  A ball python (D:2)
  3 bats
  2 frilled lizards
  2 goblins
  4 kobolds
  3 rats (D:3)
  A butterfly (D:2)
46 creatures vanquished.

Vanquished Creatures (others)
  2 fungi (D:2)
  6 plants
8 creatures vanquished.

Grand Total: 54 creatures vanquished

Notes
Turn   | Place    | Note
-------+----------+-------------------------------------------
     0 | D:1      | sirelderling the Minotaur Berserker began the quest for the
                  | Orb.
     0 | D:1      | Reached XP level 1. HP: 19/19 MP: 0/0
  1059 | D:2      | Reached skill level 4 in Polearms
  1120 | D:2      | Reached XP level 2. HP: 26/26 MP: 1/1
  1366 | D:2      | Found a faded altar of an unknown god.
  2182 | D:3      | Reached skill level 5 in Polearms
  2182 | D:3      | Reached XP level 3. HP: 31/31 MP: 2/2
  2370 | D:3      | Reached ** piety under Trog
  2456 | D:3      | Identified the +3 long sword of Uncertain Death {antimagic,
                  | rF+ rC+ Str+4 Dex+4}
  2996 | D:3      | Reached skill level 6 in Polearms
  2996 | D:3      | Reached XP level 4. HP: 39/39 MP: 3/3
  3491 | D:4      | Found a shimmering altar of Xom.
  3573 | D:4      | Noticed a centaur
  3580 | D:4      | Shot with an arrow by a centaur

Illustrated notes

Levels and vault maps discovered:
D:1:      spicycebolla_arrival_clurvy, layout_loops_corners, serial_bayou,
          serial_bayou_pond_d, serial_bayou_ford_a, serial_bayou_lake_a,
          serial_bayou_pond_a, serial_bayou_lagoon_b, serial_bayou_pond_e
D:2:      layout_loops_ring, shapermc_ecumenical_altar_ellora
D:3:      layout_basic
D:4:      layout_rooms, lemuel_tele_altar, hangedman_decor_opposing,
          nicolae_shop_fire_sale [nicolae_sub_dead_trees], kennysheep_diamond,
          abandoned_shop, uniq_robin

Skill      XL: |  1  2  3 |
---------------+----------+-----
Polearms       | 4 5 6 |  6.5
Fighting       | |  3.6
Armour         | |  2.4
Dodging        | |  2.1

Action                   |  1- 3 |  4- 6 || total
-------------------------+-------+-------++-------
Melee: Spear             |   155 |    24 ||   179
       Headbutt          |    29 |     2 ||    31
       Punch             |     2 |       ||     2
  Use: Scroll            |     7 |     3 ||    10
Armor: Chain mail        |    37 |    10 ||    47
Dodge: Dodged            |    35 |    13 ||    48
